 Dungeon Crawl Stone Soup version 0.30-a0-469-g84de5afbc5 (webtiles) character file.

Game seed: 179162081562928965

24 rocky1 the Cudgeller (level 2, -1/26 HPs)
             Began as a Minotaur Fighter on Dec 19, 2022.
             Slain by an adder (3 damage)
             ... on level 2 of the Dungeon.
             The game lasted 00:02:10 (821 turns).

rocky1 the Cudgeller (Minotaur Fighter)              Turns: 821, Time: 00:02:10

Health: -1/26      AC:  6    Str: 20    XL:     2   Next: 79%
Magic:  1/1        EV:  6    Int:  5    God:
Gold:   103        SH:  4    Dex:  9    Spells: 1/1 levels left

rFire   . . .      SeeInvis .    a - +0 flail
rCold   . . .      Faith    .    c - +0 buckler
rNeg    . . .      Spirit   .    b - +0 scale mail
rPois   .          Reflect  .    (helmet restricted)
rElec   .          Harm     .    (no cloak)
rCorr   .          Rampage  .    (no gloves)
Will    .....                    (no boots)
Stlth   ..........               (no amulet)
HPRegen 0.24/turn                (no ring)
MPRegen 0.07/turn                (no ring)

@: lethally poisoned (-1 -> -3), constricted
A: horns 2, retaliatory headbutt
a: no special abilities


You were on level 2 of the Dungeon.
You visited 1 branch of the dungeon, and saw 2 of its levels.

You collected 123 gold pieces.
You spent 20 gold pieces at shops.

Inventory:

Hand Weapons
 a - a +0 flail (weapon)
 k - a +0 war axe
Armour
 b - a +0 scale mail (worn)
 c - a +0 buckler (worn)
Jewellery
 j - a ring of fire
Scrolls
 e - a scroll of magic mapping
 h - a scroll of enchant armour {unknown}
 i - a scroll of vulnerability {unknown}
Potions
 d - a potion of might
 f - a potion of cancellation
 g - a potion of heal wounds
 l - a potion of invisibility {unknown}
 m - a potion of flight {unknown}


   Skills:
 - Level 3.6 Fighting
 + Level 4.0 Maces & Flails
 - Level 3.6 Armour
 - Level 0.6 Dodging
 - Level 3.6 Shields


You had one spell level left.
You didn't know any spells.
Your spell library was empty.

Dungeon Overview and Level Annotations

Branches:
Dungeon (2/15)

Altars:

Shops:
D:1 *


Innate Abilities, Weirdness & Mutations

You have a pair of horns on your head.
You reflexively headbutt those who attack you in melee.


Message History

You are more poisoned.
The adder poisons you!
You miss the adder.
The adder is almost dead.
You feel very sick. The adder bites you but does no damage.
The ball python closely misses you. You block the ball python's attack.
You are too injured to fight recklessly!
You barely miss the adder.
The adder is almost dead.
You feel very sick. The adder bites you but does no damage.
You block the ball python's attack. The ball python barely misses you.
A goblin comes into view. It is wielding a +0 dagger.
You block the adder's attack.
You closely miss the adder.
The adder is almost dead.
You feel sick.
The goblin shouts!
The ball python bites you.
* * * LOW HITPOINT WARNING * * *
The ball python barely misses you. The adder bites you but does no damage.
The ball python bites you but does no damage.
The ball python grabs you. The ball python constricts you.
* * * LOW HITPOINT WARNING * * *
You block the adder's attack.
You closely miss the adder.
The adder is almost dead.
You feel sick. The ball python closely misses you.
The ball python constricts you. You block the adder's attack.
The ball python bites you.
* * * LOW HITPOINT WARNING * * *
The ball python constricts you.
You miss the adder.
The adder is almost dead.
* * * LOW HITPOINT WARNING * * *
You feel sick. The adder bites you but does no damage.
The ball python bites you but does no damage.
The ball python constricts you. The adder bites you.
You die...

# ###. #.# ..... ###
#.### ##...# #.. ....#
#.....# #.# ##.#.# ####
......S##.###..#.# #...
......S@#.##...#.####.##
....g...'...............
........#.##.†.....##.#.
.......##.##..##.#.##.#.
#.....# #.....[..#.##.#.
##...# ####.#.###.##.##
##'# #.#.# #.##..) #.
#.#.###.##... #
#.......##.##


You could see an adder, a goblin and a ball python.

Vanquished Creatures
  A dart slug (D:2)
  4 endoplasms
  2 giant cockroaches
  3 goblins
  4 hobgoblins (D:1)
  2 ball pythons
  2 kobolds (D:1)
  A rat (D:1)
19 creatures vanquished.

Vanquished Creatures (others)
  A fungus (D:2)
  4 toadstools (D:2)
5 creatures vanquished.

Grand Total: 24 creatures vanquished

Notes
Turn   | Place    | Note
-------+----------+-------------------------------------------
     0 | D:1      | rocky1 the Minotaur Fighter began the quest for the Orb.
     0 | D:1      | Reached XP level 1. HP: 19/19 MP: 0/0
   196 | D:1      | Reached skill level 3 in Maces & Flails
   217 | D:1      | Reached XP level 2. HP: 22/26 MP: 1/1
   315 | D:1      | Found Giliveug's General Store.
   321 | D:1      | Bought a scroll of identify for 20 gold pieces
   785 | D:2      | Reached skill level 4 in Maces & Flails
   821 | D:2      | Slain by an adder

Illustrated notes

Levels and vault maps discovered:
D:1:      evilmike_arrival_crescent, layout_rooms, serial_shops,
          nicolae_shop_hallway_plus
D:2:      minmay_chambers_of_twos, layout_loops_corners,
          minmay_gold_behind_fungi

Skill      XL: |  1  2 |
---------------+-------+-----
Maces & Flails | 3 4 |  4.0
Fighting       | |  3.6
Armour         | |  3.6
Dodging        | |  0.6
Shields        | |  3.6

Action                   || total
-------------------------++-------
Melee: Flail             ||    53
       Headbutt          ||     5
  Use: Scroll            ||     3
Armor: Scale mail        ||    30
Dodge: Dodged            ||    16
Block: Buckler           ||    15

Table legend: (Time is in decaauts)
 A = Elapsed time spent in this place.
 B = Non-inter-level travel time spent in this place.
 C = Inter-level travel time spent in this place.
 D = Time resting spent in this place.
 E = Time spent auto-exploring this place.
 F = Levels seen in this place.
 G = Mean time per level.
                   A        B        C        D        E       F      G
               +--------+--------+--------+--------+--------+-----+--------+
         Total |    837 |    837 |      0 |      0 |    633 |   2 |  418.5 |
       Dungeon |    837 |    837 |      0 |      0 |    633 |   2 |  418.5 |
               +--------+--------+--------+--------+--------+-----+--------+

Top non-repeatable levels by time:
     D:1: 556 daAuts
     D:2: 280 daAuts
